AoeStats
← 1847373944

Pilgrims

509336231Analyzed
4v4 RM · 7d ago on Sep 26, 2026· 53m 35s· 8 players
Game mode
Random Map
Map size
Large (8 player)
Population
200
Speed
Normal
Resources
Standard
Victory
Conquest
Starting age
Dark Age
Ending age
Imperial Age
RankedLock teamsTeams togetherTeam positionsShared explorationLock speedFull tech treeHidden civsTurbo modeCheats
Victory
Defeat
🇹🇷 Japanese · Türkiye
1084
+12
🇹🇷 Maya · Türkiye
1062
+13
🇹🇷 Inca · Türkiye
1040
+14
🇹🇷 Mongols · Türkiye
1019
+15
🇨🇳 Persians · China
1040
-15
🇭🇰 Malay · Hong Kong SAR China
1000
-14
🇹🇼 Franks · Taiwan
983
-13
🇯🇵 Hindustanis · Japan
960
-12
装糖阴一手
1:45 Loom
19:12 Feudal Age
19:28 Fishing Lines
20:24 Wheelbarrow
19:36 Double-Bit Axe
25:17 Castle Age
25:01 Gillnets
25:50 Medium Warships
27:21 Careening
27:22 Clinker Construction
27:21 Siphons
31:32 Hand Cart
35:43 Imperial Age
35:32 Guilds
37:46 Chemistry
37:50 Fletching
39:03 Gold Mining
40:38 Town Watch
42:09 Heavy Warships
jisai
4:51 Loom
11:35 Feudal Age
16:41 Castle Age
14:45 Double-Bit Axe
14:44 Horse Collar
15:07 Fishing Lines
16:11 Gold Mining
19:26 Bow Saw
19:24 Scale Barding Armor
19:30 Forging
21:36 Iron Casting
23:10 Bloodlines
23:27 Husbandry
23:52 Heavy Plow
25:22 Light Cavalry
28:28 Wheelbarrow
28:17 Town Watch
29:48 Hand Cart
33:07 Gold Shaft Mining
32:26 Stone Mining
36:35 Imperial Age
34:10 Town Patrol
34:50 Stone Shaft Mining
37:21 Chain Barding Armor
37:54 Conscription
37:34 Shatagni
37:35 Grand Trunk Road
38:16 Hoardings
38:11 Heavy Camel Rider
38:11 Hussar
40:39 Plate Barding Armor
41:05 Blast Furnace
39:56 Fletching
40:06 Padded Archer Armor
40:44 Imperial Camel Rider
48:53 Ballistics
小胖胖
10:13 Feudal Age
14:02 Loom
16:43 Castle Age
17:24 Wheelbarrow
17:27 Double-Bit Axe
17:52 Fletching
17:49 Fishing Lines
18:30 Bow Saw
18:23 Husbandry
19:15 Gillnets
19:42 Padded Archer Armor
19:39 Gold Mining
27:29 Stone Mining
30:29 Imperial Age
28:25 Murder Holes
28:50 Ballistics
28:12 Treadmill Crane
28:34 Murder Holes
29:00 Ballistics
28:55 Forging
28:50 Scale Barding Armor
29:59 Gold Shaft Mining
30:40 Hand Cart
30:34 Cavalier
32:05 Bodkin Arrow
37:27 Town Watch
37:10 Paladin
38:28 Iron Casting
37:58 Scale Barding Armor
40:10 Town Patrol
43:21 Blast Furnace
44:37 Chain Barding Armor
45:58 Chivalry
51:41 Chemistry
50:46 Siege Engineers
51:07 Conscription
52:02 Plate Barding Armor
53:59 Hoardings
53:45 Leather Archer Armor
1847373944
4:21 Loom
13:01 Feudal Age
16:37 Castle Age
14:32 Fishing Lines
15:44 Double-Bit Axe
17:47 Stone Mining
20:58 Gold Mining
22:15 Wheelbarrow
21:31 Horse Collar
22:06 Bow Saw
22:33 Gold Shaft Mining
23:22 Hand Cart
26:59 Imperial Age
24:41 Forging
24:37 Scale Barding Armor
25:26 Heavy Plow
27:41 Conscription
28:47 Crop Rotation
31:38 Two-Man Saw
33:48 Iron Casting
33:19 Scale Barding Armor
37:51 Blast Furnace
37:12 Chain Barding Armor
37:17 Fletching
38:06 Husbandry
38:17 Bloodlines
38:08 Cavalier
44:34 Thumb Ring
43:50 Crossbowman
44:29 Bodkin Arrow
44:35 Padded Archer Armor
45:24 Gillnets
49:46 Kamandaran
53:17 Leather Archer Armor
The Hunter
5:21 Loom
15:14 Feudal Age
16:46 Wheelbarrow
15:55 Horse Collar
16:04 Double-Bit Axe
16:17 Gold Mining
16:18 Stone Mining
22:58 Castle Age
22:42 Scale Mail Armor
22:52 Forging
22:33 Fletching
22:43 Padded Archer Armor
24:05 Hand Cart
24:11 Chain Mail Armor
25:09 Heavy Plow
25:19 Bow Saw
25:46 Gold Shaft Mining
25:46 Stone Shaft Mining
26:03 Iron Casting
25:26 Fishing Lines
27:33 Bodkin Arrow
27:58 Gillnets
27:55 Pikeman
28:35 Squires
28:21 Arson
29:03 Leather Archer Armor
33:43 Champi Runner
33:46 Elite Skirmisher
35:07 Ballistics
36:45 Champi Warrior
44:45 Imperial Age
45:52 Bracer
47:05 Chemistry
46:37 Plate Mail Armor
47:08 Blast Furnace
46:38 Ring Archer Armor
47:08 Crop Rotation
46:11 Capped Ram
47:07 Halberdier
49:46 Crossbowman
50:31 Thumb Ring
50:05 Siege Ram
52:55 Elite Kamayuk
Subuday Noyan
12:44 Feudal Age
13:13 Double-Bit Axe
17:12 Castle Age
15:24 Fletching
15:39 Fishing Lines
16:41 Gold Mining
19:07 Bodkin Arrow
19:30 Bow Saw
20:21 Gold Shaft Mining
19:34 Demolition Ship
20:42 Medium Warships
21:08 Stone Mining
22:19 Gillnets
23:38 Ballistics
24:23 Wheelbarrow
24:20 Loom
24:39 Padded Archer Armor
24:40 Scale Mail Armor
25:16 Forging
25:22 Fortified Wall
28:17 Imperial Age
26:41 Fortified Wall
26:42 Masonry
27:04 Fervor
27:43 Chain Mail Armor
28:04 Iron Casting
28:41 Leather Archer Armor
29:15 Bracer
30:18 Chemistry
30:12 Conscription
30:01 Siege Engineers
30:41 Hand Cart
31:20 Ring Archer Armor
32:33 Elite Samurai
35:44 Plate Mail Armor
36:07 Horse Collar
37:41 Blast Furnace
37:33 Squires
37:50 Gambesons
37:25 Pikeman
43:08 Heavy Plow
43:48 Kataparuto
43:24 Town Watch
44:30 Murder Holes
45:38 Two-Man Saw
44:18 Treadmill Crane
Hawkozi
14:02 Feudal Age
18:04 Castle Age
16:15 Padded Archer Armor
17:10 Forging
16:51 Fletching
17:19 Double-Bit Axe
21:03 Wheelbarrow
21:21 Eagle Warrior
25:27 Imperial Age
23:52 Leather Archer Armor
24:27 Crossbowman
24:43 Elite Skirmisher
25:38 Horse Collar
28:11 Bow Saw
29:05 Thumb Ring
30:31 Chemistry
30:31 Ring Archer Armor
30:34 Arbalester
31:35 Heavy Plow
33:38 Pikeman
34:18 Squires
35:40 Ballistics
37:29 Halberdier
39:59 Iron Casting
39:20 Bodkin Arrow
42:36 Bracer
43:36 Blast Furnace
Asian Electric
8:39 Loom
17:37 Feudal Age
19:46 Wheelbarrow
19:29 Fishing Lines
19:40 Town Watch
21:58 Man-at-Arms
30:41 Castle Age
30:47 Demolition Ship
35:17 Medium Warships
35:06 Double-Bit Axe
36:59 Medium Warships
39:05 Fletching
41:43 Bow Saw
44:34 Bloodlines
44:25 Husbandry
45:48 Nomads
50:13 Imperial Age
48:08 Hand Cart
48:24 Gold Mining
48:25 Stone Mining
49:58 Gold Shaft Mining
49:55 Masonry
50:16 Capped Ram
53:02 Drill
53:02 Conscription
53:15 Pikeman
53:55 Squires
53:43 Arson
Connection lost

Rejoining the realm…

Still unreachable

The connection could not be restored.

Session expired

The server has moved on; the page needs a fresh start.